 Dungeon Crawl Stone Soup version 0.24.0-123-gd5b16e6ec5 (webtiles) character file.

Game seed: 12140112823780465408, levelgen mode: deterministic

40 FishyPogo the Charmwright (level 3, -2/31 HPs)
             Began as a Gnoll Skald on Feb 2, 2020.
             Slain by a goblin
             ... wielding a +0 club
             ... led by Robin
              (6 damage)
             ... on level 2 of the Dungeon.
             The game lasted 00:01:36 (816 turns).

FishyPogo the Charmwright (Gnoll Skald)              Turns: 816, Time: 00:01:37

Health: -2/31      AC:  3    Str: 14    XL:     3   Next: 50%
Magic:  7/9        EV: 14    Int: 15    God:
Gold:   53         SH:  0    Dex: 14    Spells: 1/12 levels left

rFire    . . .     SeeInvis .   a - +0 short sword
rCold    . . .     Gourm    .   (no shield)
rNeg     . . .     Faith    .   b - +0 leather armour
rPois    .         Spirit   .   (no helmet)
rElec    .         Reflect  .   (no cloak)
rCorr    .         Harm     .   (no gloves)
MR       .....                  (no boots)
Stlth    +.........             (no amulet)
HPRegen  0.10/turn              (no ring)
MPRegen  0.11/turn              (no ring)

@: lethally poisoned (-2 -> -3)
A: distributed training, fangs 1, strong nose
a: no special abilities


You were on level 2 of the Dungeon.
You were not hungry.

You visited 1 branch of the dungeon, and saw 2 of its levels.

You collected 53 gold pieces.

Inventory:

Hand Weapons
 a - a +0 short sword (weapon)
Missiles
 f - 18 stones (quivered)
Armour
 b - a +0 leather armour (worn)
 e - a +3 scale mail of fire resistance
Scrolls
 i - a scroll of random uselessness {unknown}
 j - 4 scrolls of teleportation {unknown}
 k - a scroll of amnesia {unknown}
 m - a scroll of enchant armour {unknown}
Potions
 c - a potion of haste {unknown}
 g - a potion of degeneration {unknown}
 l - a potion of might {unknown}
Comestibles
 d - 3 rations
 h - 3 chunks of flesh


   Skills:
 + Level 4.5 Fighting
 + Level 4.5 Short Blades
 + Level 0.8 Long Blades
 + Level 0.8 Axes
 + Level 0.8 Maces & Flails
 + Level 0.8 Polearms
 + Level 0.8 Staves
 + Level 0.8 Slings
 + Level 0.8 Bows
 + Level 0.8 Crossbows
 + Level 0.8 Throwing
 + Level 2.6 Armour
 + Level 4.5 Dodging
 + Level 0.8 Stealth
 + Level 0.8 Shields
 + Level 0.8 Unarmed Combat
 + Level 5.0 Spellcasting
 + Level 0.5 Conjurations
 + Level 0.5 Hexes
 + Level 5.4 Charms
 + Level 0.5 Summonings
 + Level 0.5 Necromancy
 + Level 0.5 Translocations
 + Level 0.5 Transmutations
 + Level 0.5 Fire Magic
 + Level 0.5 Ice Magic
 + Level 0.5 Air Magic
 + Level 0.5 Earth Magic
 + Level 0.5 Poison Magic
 + Level 1.0 Invocations
 + Level 0.8 Evocations


You had one spell level left.
You knew the following spells:

 Your Spells              Type           Power        Failure   Level  Hunger
h - Regeneration          Chrm/Necr      ##........   17%         3    ###....
n - Spectral Weapon       Hex/Chrm       ##......     17%         3    ###....
p - Shroud of Golubria    Chrm/Tloc      ##....       9%          2    ##.....
u - Song of Slaying       Chrm           ###.....     3%          2    ##.....
y - Infusion              Chrm           ###.         2%          1    None

Your spell library contained the following spells:

 Spells                   Type           Power        Failure   Level  Hunger


Dungeon Overview and Level Annotations

Branches:
Dungeon (2/15)

Altars:

Annotations:
D:2 Robin


Innate Abilities, Weirdness & Mutations

Your experience applies equally to all skills.
You have very sharp teeth.
Your uncanny sense of smell can sniff out nearby items.


Message History

The goblin is moderately wounded.
The goblin hits you but does no damage. The goblin barely misses you.
Unknown command.
The goblin hits you with a +0 club. The adder bites you.
You are poisoned.
The adder poisons you!
You feel sick.
Robin roars a battlecry!
The goblins go into a battle-frenzy!
The goblin hits you with a +0 club.
* * * LOW HITPOINT WARNING * * *
You hear a shout!
The goblin closely misses you. Robin throws the goblin at you!
* * * LOW HITPOINT WARNING * * *
The goblin hits you but does no damage.
You feel sick. The goblin hits you with a +0 club.
* * * LOW HITPOINT WARNING * * *
The goblin hits you with a +0 club.
You die...

##............).......
##..........##...#.....
............##...# ###. ∆ ....
............##...## ##g#.
............###...# ###....
............# #.#.### ....w
###..>......# #..... ...w
#..........###.#g## #.s
#>.............@.g#######)#
#..........#...##S.gs.)##(#####.
#..........###.###.#w...........
#..........# #......)..........#
##........## #.####.........##..
##......## #.# #.....(##### #
######.# #.#.....#### #.#
#........∆ ..........


You could see Robin, an adder, a dart slug, a giant cockroach and 2 goblins.

Vanquished Creatures
  2 leopard geckos (D:1)
  2 giant cockroaches
  10 goblins
  5 hobgoblins
  2 jackals (D:2)
  A bat (D:2)
  A frilled lizard (D:2)
  4 kobolds
  7 rats (D:1)
34 creatures vanquished.

Notes
Turn   | Place    | Note
-------+----------+-------------------------------------------
     0 | D:1      | FishyPogo the Gnoll Skald began the quest for the Orb.
     0 | D:1      | Reached XP level 1. HP: 20/20 MP: 6/6
   143 | D:1      | Reached XP level 2. HP: 26/26 MP: 7/7
   711 | D:2      | Reached XP level 3. HP: 24/31 MP: 9/9
   732 | D:2      | Learned a level 2 spell: Song of Slaying
   735 | D:2      | Learned a level 2 spell: Shroud of Golubria
   739 | D:2      | Learned a level 3 spell: Regeneration
   743 | D:2      | Learned a level 3 spell: Spectral Weapon
   755 | D:2      | Reached skill level 5 in Spellcasting
   800 | D:2      | Noticed Robin
   803 | D:2      | Reached skill level 1 in Invocations
   816 | D:2      | Slain by a goblin

Levels and vault maps discovered:
D:1:      nicolae_arrival_somewhat_less_tricky_arrival, layout_loops_ring
D:2:      layout_rooms, uniq_robin

Skill      XL: |  1  2  3 |
---------------+----------+-----
Spellcasting   | 5 |  5.0
Invocations    | 1 |  1.0
Fighting       | |  4.5
Short Blades   | |  4.5
Long Blades    | |  0.8
Axes           | |  0.8
Maces & Flails | |  0.8
Polearms       | |  0.8
Staves         | |  0.8
Slings         | |  0.8
Bows           | |  0.8
Crossbows      | |  0.8
Throwing       | |  0.8
Armour         | |  2.6
Dodging        | |  4.5
Stealth        | |  0.8
Shields        | |  0.8
Unarmed Combat | |  0.8
Conjurations   | |  0.5
Hexes          | |  0.5
Charms         | |  5.4
Summonings     | |  0.5
Necromancy     | |  0.5
Translocations | |  0.5
Transmutations | |  0.5
Fire Magic     | |  0.5
Ice Magic      | |  0.5
Air Magic      | |  0.5
Earth Magic    | |  0.5
Poison Magic   | |  0.5
Evocations     | |  0.8

Action                   || total
-------------------------++-------
Melee: Short sword       ||    85
       Bite              ||    10
       Punch             ||     1
 Cast: Shroud of Golubri ||     1
       Infusion          ||     1
       Spectral Weapon   ||     1
Armor: Leather armour    ||    14
Dodge: Dodged            ||    52
